AoeStats
← NoDdy

Arena

510160411Analyzed
1v1 RM · 1d ago on Sep 29, 2026· 44m 54s· 2 players
Game mode
Random Map
Map size
Tiny (2 player)
Population
200
Speed
Normal
Resources
Standard
Victory
Conquest
Starting age
Dark Age
Ending age
Imperial Age
RankedLock teamsTeams togetherTeam positionsShared explorationLock speedFull tech treeHidden civsTurbo modeCheats
Victory
Defeat
🇲🇽 Maya · Mexico
687
+15
🇬🇧 Khmer · United Kingdom
660
-15
NoDdy
11:40 Feudal Age
16:52 Castle Age
17:20 Double-Bit Axe
17:18 Horse Collar
19:27 Husbandry
22:56 Double-Bit Axe
23:00 Horse Collar
24:44 Gold Mining
24:44 Stone Mining
25:43 Heavy Plow
26:23 Bow Saw
27:01 Husbandry
27:17 Town Watch
28:10 Gold Shaft Mining
28:10 Stone Shaft Mining
32:34 Scale Barding Armor
32:53 Ballistics
34:14 Wheelbarrow
33:26 Loom
34:46 Stone Shaft Mining
34:33 Chain Barding Armor
34:14 Murder Holes
35:00 Town Patrol
39:01 Hand Cart
39:11 Fortified Wall
41:34 Imperial Age
41:43 Imperial Age
42:52 Double Crossbow
43:12 Heavy Scorpion
44:22 Forging
44:03 Fletching
Travis Ro
12:10 Feudal Age
13:07 Double-Bit Axe
14:05 Horse Collar
16:52 Castle Age
15:39 Gold Mining
21:03 Wheelbarrow
24:35 Bow Saw
27:12 Heavy Plow
28:02 Hand Cart
33:20 Imperial Age
31:03 Forging
30:53 Scale Mail Armor
30:17 Eagle Warrior
31:02 Squires
32:26 Iron Casting
33:09 Chain Mail Armor
34:21 Conscription
34:32 Holcans
33:27 Elite Eagle Warrior
35:10 Blast Furnace
34:12 Arson
35:05 Plate Mail Armor
Connection lost

Rejoining the realm…

Still unreachable

The connection could not be restored.

Session expired

The server has moved on; the page needs a fresh start.